 Dungeon Crawl Stone Soup version bcrawl-1.28.1b (webtiles) character file.

Game seed: 17780267228317587710

493492 Morbidden the Destroyer (level 13, -4/85 HPs)
             Began as a Fairy Conjurer on Dec 14, 2020.
             Was a Believer of Vehumet.
             Slain by a death drake (11 damage)
             ... in a Gauntlet.
             The game lasted 00:22:27 (12264 turns).

Morbidden the Destroyer (Fairy Conjurer)           Turns: 12264, Time: 00:22:28

Health: -4/85      AC: 10    Str:  6    XL:     13   Next: 27%
Magic:  39/42      EV: 16    Int: 24    God:    Vehumet [**....]
Gold:   670        SH: 16    Dex: 13    Spells: 18/41 levels left

rFire    . . .     SeeInvis .   a - +5 quick blade
rCold    . . .     Gourm    .   M - +0 medium shield
rNeg     . . .     Faith    .   (armour unavailable)
rPois    +         Spirit   .   L - +0 helmet
rElec    .         Reflect  .   (no cloak)
rCorr    .         Harm     .   J - +1 pair of gloves
MR       +....     NoTele   +   (no boots)
Stlth    +.........             (no amulet)
HPRegen  0.00/turn              H - ring of magical power
MPRegen  0.28/turn              O - ring of poison resistance

@: lethally poisoned (-4 -> -24), flying evasively, non-regenerating, badly
diseased, slowed, heavily drained, very slow
A: small, magic attunement, unstealthy, unfitting armour, able to fly, AC/SH +7
a: Stop Flying, Renounce Religion


You were in a Gauntlet.
You worshipped Vehumet.
Vehumet was pleased with you.
You were not hungry.

You visited 3 branches of the dungeon, and saw 15 of its levels.
You also visited: Gauntlet.

You collected 1015 gold pieces.
You spent 345 gold pieces at shops.

Inventory:

Hand Weapons
 a - a +5 quick blade (weapon)
Missiles
 G - a throwing net {=f}
Armour
 w - a +0 cloak
 y - a +1 buckler
 J - a +1 pair of gloves (worn)
 L - a +0 helmet (worn)
 M - a +0 medium shield (worn)
Jewellery
 F - an uncursed ring of resist corrosion
 H - a ring of magical power (left hand)
 I - an uncursed ring of see invisible
 N - an uncursed ring of protection from magic
 O - a ring of poison resistance (right hand)
Wands
 v - a wand of paralysis (6)
 C - a wand of clouds (8)
 D - a wand of acid (6)
Scrolls
 c - 4 scrolls of fog
 d - 9 scrolls of remove curse
 h - 10 scrolls of identify
 i - a scroll of brand weapon {unknown}
 l - 2 scrolls of amnesia
 p - 2 scrolls of fear
 r - 2 scrolls of enchant armour
 s - 6 scrolls of teleportation
 B - a scroll of vulnerability
 E - a scroll of noise
Potions
 b - a potion of magic
 f - 2 potions of might {unknown}
 g - a potion of mutation {unknown}
 j - 12 potions of curing {unknown}
 k - a potion of experience {unknown}
 m - a potion of berserk rage {unknown}
 n - 4 potions of invisibility {unknown}
 o - a potion of lignification {unknown}
 q - 2 potions of flight {unknown}
 t - 2 potions of brilliance {unknown}
 u - 2 potions of heal wounds
 x - 4 potions of haste
 z - 2 potions of ambrosia {unknown}
 A - a potion of degeneration {unknown}
 K - a potion of agility {unknown}
Miscellaneous
 P - a fan of gales (2/2)
Comestibles
 e - 31 rations {!d}
 Q - 4 chunks of flesh


   Skills:
 * Level 6.6(5.4) Fighting
 + Level 1.2(0.1) Short Blades
 * Level 9.5(8.2) Dodging
 + Level 3.0(1.9) Stealth
 * Level 6.9(5.7) Shields
 * Level 14.8(13.3) Spellcasting
 * Level 14.9(13.4) Conjurations
 * Level 2.2(1.1) Hexes
 * Level 2.3(1.2) Charms
 * Level 3.6(2.5) Air Magic
 + Level 0.7(0.0) Evocations


You had 18 spell levels left.
You knew the following spells:

 Your Spells              Type           Power        Failure   Level  Hunger
a - Iskenderun's Mystic   Conj           ######..     1%          3    None
b - Magic Dart            Conj           ####         1%          1    None
c - Searing Ray           Conj           ######..     1%          2    None
d - Mana Rupture          Conj/Hex       ######....   100%        7    None
e - Deflect Missiles      Chrm/Air       ####......   100%        6    None
z - Sticky Flame          Conj/Fire      #####...     16%         4    None

Your spell library contained the following spells:

 Spells                   Type           Power        Failure   Level  Hunger
 Stone Arrow              Conj/Erth      #####.       4%          3    None
 Flame Tongue             Conj/Fire      #####        1%          1    None
 Conjure Flame            Conj/Fire      #####...     4%          3    None
 Fulminant Prism          Conj/Hex       ######....   12%         4    None
 Dazzling Orbs            Conj/Hex       ######.      14%         3    None
 Sandblast                Erth           ###...       22%         1    None
 Iskenderun's Battlesphe  Conj/Chrm      ######..     30%         5    None
 Fireball                 Conj/Fire      #####.....   38%         5    None
 Irradiate                Conj/Tmut      #####.....   38%         5    None
 Infusion                 Chrm           ###.....     47%         1    None
 Inner Flame              Hex/Fire       N/A          47%         3    None
 Slow                     Hex            ###.....     50%         1    None
 Apportation              Tloc           ###...       65%         1    None
 Summon Butterflies       Summ           ###.....     65%         1    None
 Flaming Arrows           Chrm/Fire      ###.....     71%         2    None
 Yara's Violent Unravell  Hex/Tmut       ###.......   85%         4    None
 Confuse                  Hex            ###.....     86%         3    None
 Petrify                  Tmut/Erth      ###.......   100%        4    None
 Metabolic Englaciation   Hex/Ice        ###.......   100%        5    None
 Piercing Shot            Chrm           ###.......   100%        5    None
 Silence                  Hex/Air        ###.......   100%        5    None
 Infestation              Hex/Tmut/Pois  ###......    100%        6    None
 Discord                  Hex            ###.......   100%        8    None


Dungeon Overview and Level Annotations

Branches:
Dungeon (10/12)            Temple (1/1) D:4            Lair (4/6) D:9
  Swamp (0/3) Lair:4        Snake (0/3) Lair:4          Orc (0/1) D:9

Altars:
Ashenzari
Cheibriados
Dithmenos
Elyvilon
Fedhas
Gozag
Hepliaklqana
Kikubaaqudgha
Lugonu
Makhleb
Nemelex Xobeh
Okawaru
Qazlal
Ru
Sif Muna
Trog
Uskayaw
Vehumet
Wu Jian
Xom
Yredelemnul
Zin
The Shining One
Beogh

Shops:
D:10 *

Annotations:
D:5 2 runed translucent doors, LostNumber's ghost, amateur VSMA
D:9 Erolcha
D:10 3 runed translucent doors, McKennaii's ghost, journeyman DjFE Gauntlet 7 transporters, exclusion: oklob plant


Innate Abilities, Weirdness & Mutations

Your spells do not cause hunger and MP costs are reduced by 1.
Your bright wings attract enemies. (Stealth-)
You cannot fit into any form of body armour.
Your shimmering scales are hard and can block incoming attacks. (AC +7, SH +7)
You are small and have problems with some larger weapons.
You can fly continuously.


Message History

Unknown command.
Unknown command.
Unknown command.
Okay, then.
Okay, then.
Unknown command.
Unknown command.
Unknown command.
You feel much better.
* * * LOW HITPOINT WARNING * * *
You feel sick.
You block the spectral centaur warrior's attack.
The spectral centaur warrior hits you but does no damage. x2
The spectral centaur warrior misses you.
You block the death drake's attack. The spectral centaur warrior hits you!
* * * LOW HITPOINT WARNING * * *
You block the spectral centaur warrior's attack.
The spectral centaur warrior barely misses you.
The death drake bites you!
You die...

#########################
.........8.............8#
........................#
########...###########..#
©.≈....#...#...≈≈....#..#
≈.≈≈.≈≈#...#.≈≈..≈≈≈.#..#
≈≈..≈..#####≈..≈..≈.≈#..####
..≈≈.≈[#...#≈.≈k≈≈..=#..#..#
≈..≈..©#©.©#.≈≈Z@≈..©#..#©.#
≈.≈≈...#...#...ZZ≈.≈!#..#..#
.≈..≈.≈#####..≈≈..≈..#..#..#
≈..≈≈≈.#...#≈≈≈.≈≈.≈≈#..#..#
.≈≈....#...#....≈...=#..#..#
########...###########..# .#
.......................8#
.........⌠.............⌠#
.......................8#


You could see a death drake and 3 spectral centaur warriors.

Vanquished Creatures
  Harold (Lair:4)
  A hydra (Lair:1)
  A catoblepas (D:10)
  4 two-headed ogres
  A spectral wolf spider (Gauntlet)
  An ugly thing (D:10)
  A deep elf mage (D:7)
  An oklob plant (Lair:2)
  A moth of wrath (Gauntlet)
  A black mamba (Lair:3)
  4 cane toads
  4 komodo dragons
  A rime drake (Lair:2)
  4 trolls
  A queen bee (Lair:3)
  A wolf spider simulacrum (Gauntlet)
  2 hornets
  7 hippogriffs
  A centaur simulacrum (Gauntlet)
  A wraith (D:9)
  2 hungry ghosts
  2 basilisks
  33 yaks
  A vampire mosquito (D:10)
  A naga (Lair:4)
  4 crocodiles
  4 water moccasins
  5 porcupines
  14 orc warriors
  A phantom (D:6)
  4 sky beasts
  5 ice beasts
  An ogre (D:10)
  7 wolves
  3 centaurs (D:9)
  2 big kobolds
  13 bullfrogs
  3 scorpions
  A hornet simulacrum (Gauntlet)
  16 killer bees
  2 electric eels (D:9)
  A howler monkey (D:5)
  3 crimson imps
  2 centaur zombies
  3 jellies (D:8)
  A quasit (D:10)
  A bullfrog zombie (D:5)
  4 orc priests
  11 hounds
  A bullfrog skeleton (D:4)
  2 centaur skeletons
  6 iguanas
  5 orc wizards
  10 worker ants
  A mummy (D:7)
  A howler monkey zombie (D:7)
  2 worker ant zombies
  10 adders
  A gnoll (D:9)
  2 shadow imps (D:10)
  6 oozes
  An adder zombie (D:6)
  An adder skeleton (D:4)
  2 worms
  A dart slug (D:1)
  6 leopard geckos
  42 orcs
  A ball python (D:1)
  2 giant cockroaches
  4 goblins
  11 hobgoblins
  5 jackals
  4 quokkas
  6 bats
  3 frilled lizards
  A jackal zombie (D:5)
  12 kobolds
  A quokka skeleton (D:4)
  4 rats
  A plant (Lair:2)
344 creatures vanquished.

Vanquished Creatures (others)
  A fungus (Lair:4)
  7 plants
  5 toadstools (D:1)
13 creatures vanquished.

Grand Total: 357 creatures vanquished

Notes
Turn   | Place    | Note
-------+----------+-------------------------------------------
     0 | D:1      | Morbidden the Fairy Conjurer began the quest for the Orb.
     0 | D:1      | Reached XP level 1. HP: 11/11 MP: 6/6
    66 | D:1      | Reached skill level 5 in Conjurations
    75 | D:1      | Reached XP level 2. HP: 17/17 MP: 7/7
    79 | D:1      | Learned a level 2 spell: Searing Ray
   431 | D:2      | Reached XP level 3. HP: 21/21 MP: 6/9
  1177 | D:3      | Reached skill level 1 in Fighting
  1177 | D:3      | Reached XP level 4. HP: 28/28 MP: 10/10
  1290 | D:3      | Found a blossoming altar of Fedhas.
  1462 | D:3      | Found an iron altar of Okawaru.
  1536 | D:3      | Found a shadowy altar of Dithmenos.
  1870 | D:3      | Reached XP level 5. HP: 33/33 MP: 12/12
  2125 | D:4      | Noticed an ice beast
  2133 | D:4      | Killed an ice beast
  2134 | D:4      | Reached XP level 6. HP: 38/38 MP: 8/15
  2201 | D:4      | Reached skill level 5 in Spellcasting
  2541 | D:4      | Found a staircase to the Ecumenical Temple.
  2571 | Temple   | Entered the Ecumenical Temple
  2823 | D:5      | Entered Level 5 of the Dungeon
  2857 | D:5      | Learned a level 3 spell: Iskenderun's Mystic Blast
  2878 | D:5      | Reached XP level 7. HP: 44/44 MP: 10/17
  2914 | D:5      | Found a large runed translucent door.
  2932 | D:5      | Found a large runed translucent door.
  2934 | D:5      | Noticed LostNumber's ghost (amateur VSMA)
  3170 | D:5      | Noticed a hippogriff
  3175 | D:5      | Killed a hippogriff
  3176 | D:5      | Reached XP level 8. HP: 39/51 MP: 10/20
  3778 | D:6      | Found a stormy altar of Qazlal.
  3785 | D:6      | Found an opulent altar of Gozag.
  4435 | D:7      | Noticed a hornet
  4549 | D:7      | Noticed a troll
  4552 | D:7      | Killed a troll
  4553 | D:7      | Reached skill level 5 in Dodging
  4553 | D:7      | Reached skill level 1 in Shields
  4553 | D:7      | Reached XP level 9. HP: 56/56 MP: 15/23
  4727 | D:7      | Noticed a deep elf mage
  4735 | D:6      | Reached skill level 10 in Conjurations
  4846 | D:7      | Noticed a troll
  4850 | D:7      | Killed a hornet
  4853 | D:7      | Killed a troll
  5003 | D:7      | Found a snail-covered altar of Cheibriados.
  5127 | D:7      | Killed a deep elf mage
  5128 | D:7      | Reached skill level 10 in Spellcasting
  5185 | D:7      | Reached XP level 10. HP: 63/63 MP: 21/26
  5563 | D:8      | Noticed a two-headed ogre
  5566 | D:8      | Killed a two-headed ogre
  5599 | D:8      | Found a glowing golden altar of the Shining One.
  5696 | D:8      | Got a buzzing spear
  5854 | D:8      | Found a sparkling altar of Nemelex Xobeh.
  6721 | D:9      | Noticed Erolcha
  6728 | D:10     | Entered Level 10 of the Dungeon
  6728 | D:10     | Found a runed translucent gate.
  6728 | D:10     | Found a runed translucent gate.
  6728 | D:10     | Found a runed translucent gate.
  6729 | D:10     | Noticed McKennaii's ghost (journeyman DjFE)
  6729 | D:10     | Noticed a kobold demonologist
  6730 | D:10     | Noticed a kobold demonologist
  6842 | D:10     | Noticed a red ugly thing
  6846 | D:10     | Killed a red ugly thing
  6847 | D:10     | Reached skill level 1 in Short Blades
  6936 | D:10     | Noticed a catoblepas
  6947 | D:10     | Killed a catoblepas
  6948 | D:10     | Reached XP level 11. HP: 52/70 MP: 13/28
  7020 | D:10     | Got a shimmering turquoise ring
  7036 | D:10     | Reached skill level 5 in Fighting
  7064 | D:10     | Identified the cursed ring "Josuich" {Ice *Slow MR+ Str+2}
                  | (You found it on level 10 of the Dungeon)
  7236 | D:10     | Found Gubluhepo's General Store.
  7398 | D:10     | Bought an uncursed ring of magical power for 345 gold
                  | pieces
  7658 | D:10     | Reached skill level 5 in Shields
  7989 | D:10     | Identified the +9 spear of Defilement {antimagic, MR+ Int+2
                  | Dex+2} (You found it on level 8 of the Dungeon)
  8025 | D:9      | Found a roughly hewn altar of Beogh.
  8025 | D:9      | Found a staircase to the Orcish Mines.
  8227 | D:9      | Found a staircase to the Lair.
  8238 | D:9      | Noticed a two-headed ogre
  8244 | D:9      | Killed a two-headed ogre
  8474 | D:9      | Noticed a two-headed ogre
  8482 | D:9      | Killed a two-headed ogre
  8549 | D:9      | Noticed a two-headed ogre
  8555 | D:9      | Killed a two-headed ogre
  8556 | D:9      | Reached XP level 12. HP: 77/77 MP: 28/31
  8606 | D:9      | Got a brightly glowing quarterstaff
  8616 | D:9      | Identified the +4 quarterstaff of Iconoclasm {crush, Str+3
                  | Int+3 Dex-5} (You found it on level 9 of the Dungeon)
  8651 | D:9      | Found a radiant altar of Vehumet.
  8651 | D:9      | Found a shimmering blue altar of Sif Muna.
  8687 | D:9      | Became a worshipper of Vehumet
  8845 | Lair:1   | Entered Level 1 of the Lair of Beasts
  9010 | Lair:1   | Noticed a seven-headed hydra
  9014 | Lair:1   | Killed a seven-headed hydra
  9091 | Lair:1   | Learned a level 4 spell: Sticky Flame
  9624 | Lair:1   | Learned a level 7 spell: Mana Rupture
  9721 | Lair:1   | Learned a level 6 spell: Deflect Missiles
  9899 | Lair:2   | Reached skill level 1 in Charms
  9953 | Lair:2   | Reached skill level 1 in Air Magic
 10050 | Lair:2   | Reached * piety under Vehumet
 10050 | Lair:2   | Offered knowledge of Shock by Vehumet.
 10811 | Lair:3   | Identified a scroll of acquirement
 10811 | Lair:3   | Identified the +0 hat "Cosumek" {Dex+3 SInv} (You acquired
                  | it on level 3 of the Lair of Beasts)
 10811 | Lair:3   | Identified Further Steps in Witchery (You acquired it on
                  | level 3 of the Lair of Beasts)
 11150 | Lair:3   | Reached XP level 13. HP: 84/84 MP: 33/33
 11203 | Lair:3   | Offered knowledge of Sting by Vehumet.
 11205 | Lair:3   | Reached ** piety under Vehumet
 11216 | Lair:3   | Reached skill level 1 in Hexes
 11795 | Lair:4   | Noticed Harold
 11815 | Lair:4   | Killed Harold
 11849 | Lair:4   | Found a gate leading to a gauntlet.
 11854 | Gauntlet | Entered a Gauntlet
 11854 | Gauntlet | Found a transporter.
 11854 | Gauntlet | Found a transporter.
 11869 | Gauntlet | Found a transporter.
 11873 | Gauntlet | Found a transporter.
 11883 | Gauntlet | Found a transporter.
 11887 | Gauntlet | Found a transporter.
 11897 | Gauntlet | Found a transporter.
 11909 | Gauntlet | Found the ring of Robustness {AC+8}
 11918 | Gauntlet | Found a transporter.
 11918 | Gauntlet | Noticed an entropy weaver
 11935 | Gauntlet | Found a transporter.
 11939 | Gauntlet | Found a transporter.
 11951 | Gauntlet | Found a transporter.
 11953 | Gauntlet | Found a transporter.
 12261 | Gauntlet | Offered knowledge of Stone Arrow by Vehumet.
 12263 | Gauntlet | HP: 4/82 [death drake (12)]
 12264 | Gauntlet | Slain by a death drake

Skill      XL: |  1  2  3  4  5  6  7  8  9 10 11 12 13 |
---------------+----------------------------------------+-----
Conjurations   | 5 6 7 8 9 11 12 13 14 | 14.9
Spellcasting   | 3 4 5 6 8 10 11 13 14 | 14.8
Fighting       | 1 2 3 4 5 6 |  6.6
Dodging        | 3 4 5 7 8 9 |  9.5
Stealth        | 2 3 |  3.0
Shields        | 1 2 4 5 6 |  6.9
Short Blades   | 1 |  1.2
Charms         | 1 2 |  2.3
Air Magic      | 3 |  3.6
Hexes          | 2 |  2.2
Evocations     | |  0.7

Action                   |  1- 3 |  4- 6 |  7- 9 | 10-12 | 13-15 || total
-------------------------+-------+-------+-------+-------+-------++-------
Melee: Dagger            |       |       |     6 |     5 |       ||    11
 Cast: Magic Dart        |    57 |    84 |    13 |    31 |       ||   185
       Searing Ray       |     4 |    10 |       |       |       ||    14
       Iskenderun's Myst |       |     3 |   140 |   361 |    74 ||   578
Evoke: Wand              |       |       |     2 |     6 |       ||     8
  Use: Scroll            |       |       |     3 |    15 |     1 ||    19
       Potion            |       |       |       |       |     1 ||     1
 Stab: Paralysed         |       |       |       |     3 |       ||     3
  Eat: Chunk             |     1 |     4 |    12 |    24 |     1 ||    42
       Ration            |       |       |       |       |     1 ||     1
Armor: Skin              |       |       |     5 |     7 |    15 ||    27
Dodge: Dodged            |     3 |    11 |    32 |    49 |    42 ||   137
Block: Other             |     1 |     4 |     2 |       |     1 ||     8
       Buckler           |       |       |    26 |    80 |    18 ||   124
       Medium shield     |       |       |       |       |    26 ||    26
